 Dungeon Crawl Stone Soup version 0.30-a0-883-g5ad918d77d (webtiles) character file.

Game seed: 7276285447984042190

255301 Sanktem7 the Severer (level 19, -4/179 HPs)
             Began as a Minotaur Fighter on Mar 17, 2023.
             Was the Champion of Okawaru.
             Slain by an acid blob (17 damage)
             ... created by the Royal Jelly
             ... on level 4 of the Pits of Slime.
             The game lasted 01:54:57 (40481 turns).

Sanktem7 the Severer (Minotaur Fighter)            Turns: 40481, Time: 01:54:58

Health: -4/179     AC: 28    Str: 30    XL:     19   Next: 4%
Magic:  1/26       EV: 17    Int:  7    God:    Okawaru [******]
Gold:   1740       SH: 16    Dex:  9    Spells: 18/18 levels left

rFire   + . .      SeeInvis +    S - +11 war axe "Deptugol" {drain, *Slow rElec rN+ Will+, axe}
rCold   . . .      Faith    .    V - +3 warlock's mirror {omnireflect}
rNeg    + . .      Spirit   .    c - +2 plate armour {rF+}
rPois   +          Reflect  +    Y - +2 hat {SInv}
rElec   +          Rampage  .    l - scarf "Pakhijur" {rPois Will+ Int+2}
rCorr   +                        p - +2 pair of gloves {infuse}
Will    +++..                    x - +1 pair of boots {Fly} Stlth
                                 F - amulet of reflection
HPRegen 0.49/turn                e - ring of resist corrosion
MPRegen 0.20/turn                i - +5 ring of evasion

@: corroded, flying, slowed, studying Dodging, very slow
A: horns 2, retaliatory headbutt, iridescent scales 2, camouflage 1, passive
freeze
}: 2/15 runes: decaying, gossamer
a: Renounce Religion, Heroism, Finesse, Duel


You were on level 4 of the Pits of Slime.
You worshipped Okawaru.
Okawaru was exalted by your worship.
You visited 7 branches of the dungeon, and saw 36 of its levels.

You collected 4002 gold pieces.
You spent 2262 gold pieces at shops.


Innate Abilities, Weirdness & Mutations

You have a pair of horns on your head.
You reflexively headbutt those who attack you in melee.
You are mostly covered in iridescent scales. (AC +4)
Your skin changes colour to match your surroundings (Stealth+).
A frigid envelope surrounds you and freezes all who hurt you.


   Skills:
 + Level 17.9 Fighting
 - Level 18.0 Axes
 - Level 10.0 Throwing
 + Level 17.9 Armour
 + Level 13.0 Dodging
 + Level 17.9 Shields
 - Level 3.5 Air Magic
 + Level 11.8 Invocations


You had 18 spell levels left.
You didn't know any spells.
Your spell library contained the following spells:

 Spells                   Type           Power      Damage    Failure   Level
 Shock                    Conj/Air       8%         1d3       75%         1
 Static Discharge         Conj/Air       4%         2-3/arc   86%         2
 Swiftness                Air            4%         N/A       86%         3
 Beastly Appendage        Tmut           0%         N/A       93%         1
 Magic Dart               Conj           0%         1d3       93%         1
 Sandblast                Erth           0%         2d4       93%         1
 Blink                    Tloc           0%         N/A       98%         2
 Ensorcelled Hibernation  Hex/Ice        0%         N/A       98%         2
 Passwall                 Tmut/Erth      0%         N/A       98%         2
 Sublimation of Blood     Necr           0%         N/A       98%         2
 Wereblood                Tmut           0%         N/A       98%         2
 Vhi's Electric Charge    Tloc/Air       4%         N/A       98%         3
 Kindle Blastsparks       Fire/Tloc/Air  2%         2d10      99%         3
 Mephitic Cloud           Conj/Pois/Air  1%         N/A       99%         3
 Airstrike                Air            2%         2d(1-17)  99%         4
 Ignite Poison            Fire/Tmut/Pois 0%         N/A       100%        3
 Portal Projectile        Hex/Tloc       0%         N/A       100%        3
 Spider Form              Tmut/Pois      0%         N/A       100%        3
 Stone Arrow              Conj/Erth      0%         3d7       100%        3
 Leda's Liquefaction      Hex/Erth       0%         N/A       100%        4
 Manifold Assault         Tloc           0%         N/A       100%        4
 Petrify                  Tmut/Erth      0%         N/A       100%        4
 Arcjolt                  Conj/Air       1%         1d11      100%        5
 Blade Hands              Tmut           0%         N/A       100%        5
 Fireball                 Conj/Fire      0%         3d3       100%        5
 Freezing Cloud           Conj/Ice/Air   0%         6-21      100%        5
 Irradiate                Conj/Tmut      0%         3d11      100%        5
 Iskenderun's Battlesphe  Conj           0%         2d6       100%        5
 Lightning Bolt           Conj/Air       1%         1d12      100%        5
 Conjure Ball Lightning   Conj/Air       1%         3x3d6     100%        6
 Iron Shot                Conj/Erth      0%         9d1       100%        6
 Dragon Form              Tmut           0%         N/A       100%        7
 Orb of Destruction       Conj           0%         9d5       100%        7
 Storm Form               Tmut/Air       1%         N/A       100%        7
 Call Imp                 Summ           Unusable   N/A       N/A         2
 Call Canine Familiar     Summ           Unusable   N/A       N/A         3
 Animate Armour           Summ/Erth      Unusable   N/A       N/A         4
 Summon Hydra             Summ           Unusable   N/A       N/A         7

Inventory:

Hand Weapons
 j - a +2 flail of protection {mace}
   (You found it on level 1 of the Dungeon)
 P - a +9 broad axe of electrocution {axe}
   (Okawaru gifted it to you on level 2 of the Lair of Beasts)
 S - the +11 war axe "Deptugol" (weapon) {drain, *Slow rElec rN+ Will+, axe}
   (Okawaru gifted it to you on level 15 of the Dungeon)

   rElec:     It insulates you from electricity.
   rN:        It protects you from negative energy.
   *Slow:     It may slow you when you take damage.
   Will:      It increases your willpower.
Missiles
 a - 3 boomerangs of dispersal {=f!fthrowing}
 q - 7 boomerangs {throwing}
 M - 12 silver boomerangs {throwing}
 O - 6 silver javelins (quivered) {throwing}
 Q - 3 javelins {throwing}
Armour
 c - a +2 plate armour of fire resistance (worn)
   (You took it off an orc warlord on level 1 of the Orcish Mines)
 l - the scarf "Pakhijur" (worn) {rPois Will+ Int+2}
   (Okawaru gifted it to you on level 1 of the Spider Nest)

   Int:       It affects your intelligence (+2).
   rPois:     It protects you from poison.
   Will:      It increases your willpower.
 p - a +2 pair of gloves of infusion (worn)
   (You found it on level 10 of the Dungeon)
 x - a +1 pair of boots of flying (worn)
   (You found it on level 4 of the Spider Nest)
 z - a +0 cloak
   (You took it off Crazy Yiuf on level 2 of the Dungeon)
 V - the +3 warlock's mirror (worn) {omnireflect}
   (You bought it in a shop on level 2 of the Orcish Mines)

   Omnireflect: It can block and reflect piercing ranged attacks and magical
   attacks against the wielder's willpower.
 Y - a +2 hat of see invisible (worn)
   (You found it on level 1 of the Orcish Mines)
Jewellery
 e - a ring of resist corrosion (left hand)
   (You found it on level 6 of the Dungeon)
 i - a +5 ring of evasion (right hand)
   (You took it off an orc on level 6 of the Dungeon)
 F - an amulet of reflection (around neck)
   (You found it on level 2 of the Lair of Beasts)
Wands
 b - a wand of roots (12)
   (You found it on level 4 of the Lair of Beasts)
 g - a wand of charming (20)
   (You found it on level 4 of the Lair of Beasts)
 I - a wand of polymorph (8)
   (You found it on level 1 of the Spider Nest)
 J - a wand of mindburst (23)
   (You found it on level 7 of the Dungeon)
 L - a wand of digging (5)
   (You found it on level 3 of the Spider Nest)
 T - a wand of quicksilver (7)
   (You found it on level 13 of the Dungeon)
 Z - a wand of flame (55)
   (You found it on level 10 of the Dungeon)
Scrolls
 k - a scroll of fog
 m - 2 scrolls of vulnerability {!r!r}
 n - 14 scrolls of identify {@r1}
 w - a scroll of blinking {!r}
 y - 16 scrolls of teleportation {@r4}
 A - a scroll of immolation {!r!r}
 E - a scroll of silence {!r}
 H - a scroll of magic mapping {!r}
 K - 7 scrolls of fear
 N - 4 scrolls of amnesia
 R - 4 scrolls of poison {!r}
Potions
 d - 6 potions of might
 f - 3 potions of invisibility
 h - a potion of cancellation
 r - 17 potions of curing {@q1}
 s - 2 potions of magic
 t - 3 potions of heal wounds {@q2}
 u - 4 potions of ambrosia
 v - 5 potions of brilliance
 B - 4 potions of haste {@q3}
 C - 4 potions of lignification {!q}
 D - 3 potions of resistance
 X - a potion of attraction {!q}
Miscellaneous
 o - a lightning rod (4/4)
   (You found it on level 1 of the Swamp)
 G - a tin of tremorstones (2/2) {throwing}
   (You found it on level 3 of the Lair of Beasts)
 U - a box of beasts
   (You found it on level 3 of the Lair of Beasts)
 W - a phantom mirror
   (You found it on level 4 of the Lair of Beasts)

Dungeon Overview and Level Annotations

Branches:
Dungeon (15/15) Zot: 26294  Temple (1/1) D:6 Zot: 5767    Lair (5/5) D:8 Zot: 21285
  Swamp (4/4) Lair:3 Zot: 18557  Spider (4/4) Lair:2 Zot: 17212   Slime (5/5) Lair:4 Zot: 26547
    Orc (2/2) D:11 Zot: 9173     Elf (0/3) Orc:2        Vaults (0/5) D:14
 Depths (0/4) D:15

Altars:
Ashenzari
Cheibriados
Dithmenos
Elyvilon
Fedhas
Gozag
Hepliaklqana
Kikubaaqudgha
Makhleb
Nemelex Xobeh
Okawaru
Qazlal
Ru
Sif Muna
Trog
Uskayaw
Vehumet
Wu Jian
Xom
Yredelemnul
Zin
The Shining One
Jiyva

Shops:
D:1 ?   D:4 !(   D:8 ?   D:9 ?[:   D:10 (   D:13 :   D:15 *   Orc:1 (
Orc:2 ![:[[

Portals:
Trove: D:12 (give +2 fire dragon scales)

Annotations:
Swamp:1 Roxanne
Slime:5 Royal Jelly

###......####
#####.##.....##.##
##.#....##........#
###.................##
##.##.................#
#...#.......<.........##
#...#.#..#............#
##..######....J.......## ####
#....#####...J@J..#...###.#.##
##............J...#..##......#
#........>................#
#.........................##
#.....#....................#
##....................###.##
###.##.##.....#......##.##
######.....###.....#...#
###.......#.......#.##


You could see an acid blob (drained), an azure jelly (drained), a rockslime
(drained) and a quicksilver ooze (drained).


Message History

The azure jelly closely misses you. The quicksilver ooze hits you.
The quicksilver ooze engulfs you!
The quicksilver ooze is very cold.
The quicksilver ooze hits you but does no damage.
The quicksilver ooze is very cold. 😕 HP[-4] MP[-3]
You take 4 damage, and now have 157/179 hp.
You lost 3 mp, and now have 14/26 mp.
You slice the Royal Jelly!!
Your hands burn!
You headbutt the Royal Jelly! You slash the acid blob! You drain the acid blob.
Your hands burn!
You slash the azure jelly! You drain the azure jelly.
You slice the quicksilver ooze!! You drain the quicksilver ooze!
You kill the quicksilver ooze!
That felt strangely unrewarding.
The ooze engulfing you falls away.
You gasp with relief as air once again reaches your lungs.
The Royal Jelly shudders violently.
The Royal Jelly spits out three more jellies.
The Royal Jelly misses you. You furiously retaliate!
You headbutt the Royal Jelly! You block the Royal Jelly's attack.
You block the acid blob's attack. You block the azure jelly's attack.
The azure jelly misses you.
The azure jelly hits you but does no damage.
The azure jelly completely resists.
The azure jelly barely misses you. 😕 HP[-2] MP[-4]
You take 2 damage, and now have 155/179 hp.
You lost 4 mp, and now have 10/26 mp.
You hit the Royal Jelly but do no damage.
You drain the Royal Jelly. The acid corrodes you!
Your hands burn!
You completely miss the acid blob. You hit the azure jelly.
You slash the azure jelly! You drain the azure jelly.
The acid blob spits acid at you. The splash of acid hits you! You resist.
You block the azure jelly's attack. x2
The azure jelly completely misses you. x2 😕 HP[-11] MP[-3]
You take 11 damage, and now have 144/179 hp.
You lost 3 mp, and now have 7/26 mp.
The azure jelly hits you. The azure jelly freezes you!
The azure jelly resists.
The azure jelly is very cold.
The azure jelly hits you but does no damage.
The azure jelly resists.
The azure jelly is very cold.
The azure jelly barely misses you. You block the azure jelly's attack.
The rockslime hits you!!!
You feel yourself slow down.
You hold your ground!
The rockslime is very cold.
The acid blob hits you!
* * * LOW HITPOINT WARNING * * *
You are splashed with acid.
You resist.
* * * LOW HITPOINT WARNING * * *
The acid blob is very cold.
The azure jelly hits you.
* * * LOW HITPOINT WARNING * * *
The azure jelly freezes you!!
* * * LOW HITPOINT WARNING * * *
The azure jelly resists.
The azure jelly is very cold.
You kill the azure jelly!
That felt strangely unrewarding.
The quicksilver ooze barely misses you. You furiously retaliate!
You headbutt the quicksilver ooze!
The quicksilver ooze hits you but does no damage.
The quicksilver ooze is very cold.
You fly upwards.
There is a stone staircase leading down here. 😱 HP[-106] MP[+1]
You take 106 damage, and now have 38/179 hp.
MASSIVE DAMAGE!! (PAUSE)
You hit the rockslime but do no damage. You drain the rockslime.
You headbutt the rockslime. You barely miss the quicksilver ooze.
You slash the azure jelly! You drain the azure jelly. You slash the acid blob!
You drain the acid blob.
Your hands burn!
* * * LOW HITPOINT WARNING * * *
You block the quicksilver ooze's attack.
The quicksilver ooze hits you.
* * * LOW HITPOINT WARNING * * *
You feel your power leaking away.
The quicksilver ooze is very cold.
The rockslime hits you but does no damage.
The rockslime is very cold.
The acid blob spits acid at you. The splash of acid hits you! You resist.
* * * LOW HITPOINT WARNING * * *
You block the quicksilver ooze's attack.
The quicksilver ooze closely misses you.
The azure jelly misses you. The azure jelly closely misses you.
The azure jelly barely misses you. The azure jelly hits you.
* * * LOW HITPOINT WARNING * * *
The azure jelly resists.
The azure jelly is very cold.
The rockslime barely misses you. You furiously retaliate!
You headbutt the rockslime, but do no damage.
You block the acid blob's attack. 😱 HP[-20] MP[-8]
You take 20 damage, and now have 18/179 hp.
You lost 8 mp, and now have 0/26 mp.
You feel much better.
You block the quicksilver ooze's attack.
The quicksilver ooze closely misses you.
You block the azure jelly's attack.
The azure jelly hits you but does no damage.
The azure jelly resists.
The azure jelly is very cold.
You block the azure jelly's attack.
The azure jelly hits you but does no damage.
The azure jelly resists.
The azure jelly is very cold.
The rockslime hits you!!
* * * LOW HITPOINT WARNING * * *
You hold your ground!
The acid blob hits you!
You die...

Skill      XL: |  1  2  3  4  5  6  7  8  9 10 11 12 13 14 15 16 17 18 19 |
---------------+----------------------------------------------------------+-----
Axes           | 3 4 5 6 7 9 11 12 14 15 17 18 | 18.0
Fighting       | 4 5 6 7 8 9 10 11 12 14 15 16 17 | 17.9
Armour         | 4 5 6 7 8 9 10 11 12 14 15 16 17 | 17.9
Shields        | 4 5 6 7 8 9 10 11 12 14 15 16 17 | 17.9
Invocations    | 3 5 6 8 10 11 | 11.8
Throwing       | 3 5 7 8 9 10 | 10.0
Air Magic      | 2 3 |  3.5
Dodging        | 6 9 12 13 | 13.0

Action                     |  1- 3 |  4- 6 |  7- 9 | 10-12 | 13-15 | 16-18 | 19-21 || total
---------------------------+-------+-------+-------+-------+-------+-------+-------++-------
  Melee: War axe           |    69 |   190 |   254 |   150 |       |  1005 |    28 ||  1696
         Headbutt          |    11 |    24 |    46 |    92 |   143 |   272 |    13 ||   601
         Broad axe         |       |       |       |   268 |   595 |    46 |       ||   909
         Flail             |       |       |       |     8 |    25 |    61 |       ||    94
         Executioner's axe |       |       |       |       |    89 |    18 |       ||   107
  Throw: Boomerang         |       |       |     2 |    25 |    23 |    53 |     4 ||   107
         Stone             |       |       |     1 |       |       |       |       ||     1
         Javelin           |       |       |       |       |       |       |     2 ||     2
 Invoke: Heroism           |       |       |       |     1 |       |       |     1 ||     2
         Duel              |       |       |       |       |       |       |     1 ||     1
    Use: Scroll            |       |       |    13 |       |    18 |    10 |       ||    41
         Potion            |       |       |       |     2 |     7 |     6 |     4 ||    19
   Stab: Petrified         |       |       |       |       |    13 |       |       ||    13
         Petrifying        |       |       |       |       |     1 |       |       ||     1
 Armour: Scale mail        |    33 |    93 |    96 |       |       |       |       ||   222
         Chain mail        |       |       |    10 |   128 |       |       |       ||   138
         Plate armour      |       |       |       |   105 |   333 |   536 |    43 ||  1017
         Swamp dragon scal |       |       |       |       |       |    32 |       ||    32
  Dodge: Dodged            |    37 |    82 |   164 |   256 |   327 |   568 |    33 ||  1467
  Block: Buckler           |    18 |    48 |    67 |   147 |   439 |   854 |    49 ||  1622
         Other             |       |       |       |       |    27 |     3 |       ||    30
         Reflection        |       |       |       |       |    83 |    61 |     5 ||   149

Levels and vault maps discovered:
D:1:      minmay_arrival_five_plusses, layout_basic, serial_shops, shop,
          minmay_tetromino_t2
D:2:      layout_rooms, uniq_crazy_yiuf_cottage, uniq_jessica
D:3:      layout_basic, minmay_large_rounded_square, item_on_display_b
D:4:      minmay_goblin_kobold_castle, layout_loops_ring,
          nicolae_overflow_hidden_temple, serial_shops, shop_fountains,
          nicolae_shop_crystal
D:5:      layout_rooms, kennysheep_little_box, dreamdust_wishing_well,
          st_stairs_6
D:6:      layout_loops_corners, yredelemnul_forgotten_temple_becter,
          lemuel_temple_firewalk_b
D:7:      layout_loops_ring, cheibriados_altar_1,
          mainiacjoe_overflow_small_starburst, minmay_strange_pillars,
          kennysheep_cross_bottleneck, kennysheep_dice, uniq_prince_ribbit1,
          uniq_duvessa, uniq_menkaure
D:8:      layout_loops_ring, lair_entry_dummy, serial_shops, shop
D:9:      layout_cave_pods, trog_butcher_becter, serial_shops, shop_fountains,
          nicolae_shop_stone, nicolae_shop_advertising_works
          [nicolae_subvault_shop_adworks], uniq_grum
D:10:     kennysheep_six_static_rooms, layout_loops_ring,
          mainiacjoe_overflow_concentric_impassable, serial_ice, serial_ice_k,
          serial_ice_h, serial_ice_e, serial_ice_m, serial_ice_g, serial_ice_f,
          serial_shops, kennysheep_mini, chequers_serial_rivers_room_b
D:11:     layout_roguey, orc_0_dummy, uniq_snorg, uniq_erolcha
D:12:     layout_cave_pools, enter_trove_0
D:13:     minmay_the_grid_octo_2x2 [minmay_the_grid_octo_chip,
          minmay_the_grid_octo_checkerflower, minmay_the_grid_octo_shrine,
          minmay_the_grid_octo_prize_big_c], layout_basic, serial_shops,
          nicolae_inconvenience_store, vehumet_statue
D:14:     layout_loops_ring, david_vaults_1, ebering_dispersal_statue_hall
D:15:     grunt_enter_depths_magical_seal, layout_rooms, serial_shops,
          nicolae_diamond_shop
Temple:   nicolae_temple_figure_eight
Lair:1:   gammafunk_lair_enchanted_lake, layout_regular_city,
          nicolae_quartered_pool_little, kennysheep_rathole,
          infiniplex_staircase_pool_2
Lair:2:   layout_roguey, nicolae_spider_entry_non_spiders,
          portal_ice_cave_entry_pillars_2, lemuel_fruit_fields,
          serial_bayou_shore_a, serial_bayou_shore_b
Lair:3:   layout_regular_city, swamp_mist, ice2_lemuel, lemuel_fruit_fields
Lair:4:   layout_misc_corridors, slime_entry_1, grunt_forest_large_clearing_hut,
          grunt_megastairs_4, uniq_nessos
Lair:5:   wormcave, layout_hall_layers
Swamp:1:  layout_basic_swamp, serial_swamp_ruin, evilmike_swamp_ruin_rubble_1,
          evilmike_swamp_ruin_house_4, hangedman_swamp_ruin_hall,
          infiniplex_staircase_pool, uniq_roxanne
Swamp:2:  layout_basic_swamp, evilmike_swamp_ruin_house_6
Swamp:3:  layout_basic_swamp, hangedman_swamp_pad
Swamp:4:  swamp_icy, layout_basic_swamp, uniq_kirke
Spider:1: layout_spider_delve, hangedman_spider_tarantella_strand
Spider:2: layout_spider_delve
Spider:3: layout_chambers, nicolae_arachne_temple
Spider:4: spider_rune_water, uniq_mlioglotl
Slime:1:  layout_caves
Slime:2:  layout_caves, cheibrodos_slime_lost_civilization_6
Slime:3:  layout_caves
Slime:4:  layout_caves
Slime:5
Orc:1:    layout_caves, serial_shops, shop, hangedman_minor_magic, uniq_erica,
          uniq_fannar
Orc:2:    st_orc_rangers, layout_caves, serial_shops, shop, basic_altar

Notes
Turn   | Place    | Note
-------+----------+-------------------------------------------
     0 | D:1      | Sanktem7 the Minotaur Fighter began the quest for the Orb.
     0 | D:1      | Reached XP level 1. HP: 19/19 MP: 0/0
     0 | D:1      | magus.rc [v1.9.6]
   249 | D:1      | Found Xosegeg's Magic Scroll Shoppe.
   261 | D:1      | HP: 2/20 [gnoll/+0 spear (4)]
   272 | D:1      | Reached XP level 2. HP: 5/27 MP: 1/1
   297 | D:1      | Reached skill level 3 in Axes
   477 | D:1      | Reached skill level 4 in Fighting
   479 | D:1      | Reached skill level 4 in Armour
   479 | D:1      | Reached skill level 4 in Shields
   479 | D:1      | Reached XP level 3. HP: 33/33 MP: 2/2
   500 | D:1      | You fall into a shaft and drop 1 floor!
   503 | D:2      | You pick up a book of Geomancy and begin reading...
   503 | D:2      | You add the spells Sandblast, Passwall and Stone Arrow to
                  | your library.
   527 | D:2      | You pick up a book of Air and begin reading...
   527 | D:2      | You add the spells Shock, Swiftness and Airstrike to your
                  | library.
   550 | D:2      | You pick up a book of the Spheres and begin reading...
   550 | D:2      | You add the spells Iskenderun's Battlesphere, Fireball,
                  | Conjure Ball Lightning and Orb of Destruction to your
                  | library.
   646 | D:1      | You pick up a book of Geomancy and begin reading...
   898 | D:1      | You add the spells Kindle Blastsparks, Ignite Poison and
                  | Freezing Cloud to your library.
  1164 | D:2      | Noticed Jessica
  1169 | D:2      | Killed Jessica
  1170 | D:2      | Reached XP level 4. HP: 40/40 MP: 3/3
  1204 | D:2      | Reached skill level 4 in Axes
  1353 | D:2      | Found a runed translucent door.
  1354 | D:2      | Noticed Crazy Yiuf
  1522 | D:2      | Killed Crazy Yiuf
  1560 | D:3      | Reached XP level 5. HP: 35/47 MP: 4/4
  1923 | D:3      | You pick up a book of Alchemy and begin reading...
  1923 | D:3      | You add the spells Sublimation of Blood, Petrify and
                  | Irradiate to your library.
  2107 | D:3      | Noticed an ogre
  2112 | D:3      | Killed an ogre
  2113 | D:3      | Reached skill level 5 in Axes
  2113 | D:3      | Reached XP level 6. HP: 40/55 MP: 5/5
  2488 | D:4      | Reached skill level 5 in Fighting
  2500 | D:4      | Reached skill level 5 in Shields
  2584 | D:4      | Found a burning altar of Makhleb.
  2625 | D:4      | Reached skill level 5 in Armour
  2843 | D:4      | Found Rem Wuma's Weapon Shop.
  2860 | D:4      | Reached skill level 6 in Axes
  2952 | D:4      | Found Mekigg's Distillery.
  2956 | D:4      | Bought a potion of curing for 36 gold pieces
  2956 | D:4      | Bought a potion of heal wounds for 60 gold pieces
  3147 | D:4      | Found a broken altar of Ashenzari.
  3148 | D:4      | Found a hazy altar of Hepliaklqana.
  3343 | D:4      | Reached XP level 7. HP: 61/61 MP: 6/6
  3820 | D:5      | Entered Level 5 of the Dungeon
  3923 | D:5      | Reached skill level 6 in Fighting
  3923 | D:5      | Reached skill level 7 in Axes
  3923 | D:5      | Reached skill level 6 in Shields
  3943 | D:5      | Reached skill level 6 in Armour
  3965 | D:5      | Reached XP level 8. HP: 45/70 MP: 7/7
  4082 | D:5      | You pick up a book of Transfigurations {@e2} and begin
                  | reading...
  4082 | D:5      | You add the spells Blade Hands and Dragon Form to your
                  | library.
  4365 | D:5      | Found an opulent altar of Gozag.
  4380 | D:5      | Reached skill level 8 in Axes
  4502 | D:6      | You pick up a book of Lightning and begin reading...
  4502 | D:6      | You add the spells Static Discharge, Vhi's Electric Charge,
                  | Lightning Bolt and Arcjolt to your library.
  4867 | D:6      | Found a basalt altar of Yredelemnul.
  4894 | D:6      | Reached skill level 7 in Fighting
  4894 | D:6      | Reached skill level 7 in Armour
  4894 | D:6      | Reached skill level 7 in Shields
  5322 | D:6      | Found a staircase to the Ecumenical Temple.
  5331 | Temple   | Entered the Ecumenical Temple
  5528 | Temple   | Became a worshipper of Warmaster Okawaru
  5852 | D:7      | Noticed Prince Ribbit
  5873 | D:7      | Killed Prince Ribbit
  5874 | D:7      | Reached skill level 9 in Axes
  6027 | D:7      | Reached XP level 9. HP: 62/79 MP: 8/8
  6030 | D:7      | Reached * piety under Okawaru
  6211 | D:7      | Reached skill level 10 in Axes
  6313 | D:7      | Noticed Dowan
  6315 | D:7      | Noticed Duvessa
  6324 | D:7      | Killed Duvessa
  6325 | D:7      | Killed Dowan
  6516 | D:7      | Reached skill level 8 in Fighting
  6557 | D:7      | Reached skill level 8 in Armour
  6557 | D:7      | Reached skill level 8 in Shields
  6749 | D:7      | Noticed Menkaure
  6753 | D:7      | Reached ** piety under Okawaru
  6753 | D:7      | HP: 18/81 [??? (16)]
  6757 | D:7      | Killed Menkaure
  6975 | D:7      | Found a shimmering blue altar of Sif Muna.
  7012 | D:7      | Found a snail-covered altar of Cheibriados.
  7642 | D:8      | Found a staircase to the Lair.
  7678 | D:8      | Found Onwovv Acerr's Magic Scroll Emporium.
  7996 | D:8      | Reached skill level 11 in Axes
  8162 | Lair:1   | Entered Level 1 of the Lair of Beasts
  8162 | Lair:1   | Noticed a cane toad
  8173 | Lair:1   | Killed a cane toad
  8173 | Lair:1   | Reached *** piety under Okawaru
  8174 | Lair:1   | Reached XP level 10. HP: 84/90 MP: 7/9
  8196 | Lair:1   | Reached skill level 1 in Invocations
  8405 | Lair:1   | Reached skill level 9 in Fighting
  8406 | Lair:1   | Reached skill level 9 in Shields
  8412 | Lair:1   | Reached **** piety under Okawaru
  8413 | Lair:1   | Reached skill level 9 in Armour
  8413 | Lair:1   | Reached skill level 2 in Invocations
  8534 | Lair:1   | Reached skill level 12 in Axes
  8683 | Lair:1   | Noticed a cane toad
  8697 | Lair:1   | Killed a cane toad
  8697 | Lair:1   | Received a gift from Okawaru
  8698 | Lair:1   | Reached skill level 3 in Invocations
  8839 | Lair:1   | Noticed a cane toad
  8845 | Lair:1   | Killed a cane toad
  8845 | Lair:1   | Reached ***** piety under Okawaru
  8918 | Lair:1   | Noticed a black mamba
  8925 | Lair:1   | Killed a black mamba
  8926 | Lair:1   | Reached XP level 11. HP: 88/99 MP: 9/12
  9038 | Lair:1   | HP: 24/99 [poisoned by a black mamba]
  9295 | Lair:1   | Reached skill level 13 in Axes
  9415 | Lair:1   | Noticed a catoblepas
  9415 | Lair:1   | Noticed a lindwurm
  9435 | Lair:1   | Found a runed translucent door.
  9765 | Lair:2   | Received a gift from Okawaru
  9766 | Lair:2   | Reached skill level 10 in Fighting
  9766 | Lair:2   | Reached skill level 10 in Shields
  9769 | Lair:2   | Reached skill level 10 in Armour
  9769 | Lair:2   | Reached skill level 4 in Invocations
 10140 | Lair:2   | Received a gift from Okawaru
 10144 | Lair:2   | Noticed a four-headed hydra
 10158 | Lair:2   | Killed a four-headed hydra
 10160 | Lair:2   | HP: 20/101 [wolf (7)]
 10435 | Lair:2   | Noticed a catoblepas
 10451 | Lair:1   | Killed a catoblepas
 10452 | Lair:1   | Reached skill level 14 in Axes
 10452 | Lair:1   | Reached skill level 5 in Invocations
 10840 | Lair:2   | Found a hole to the Spider Nest.
 10850 | Lair:2   | Reached ****** piety under Okawaru
 10862 | Lair:2   | Identified the +1 plate armour of the Stars {rF+} (Okawaru
                  | gifted it to you on level 2 of the Lair of Beasts)
 10862 | Lair:2   | Received a gift from Okawaru
 10946 | Lair:2   | Reached XP level 12. HP: 70/108 MP: 7/14
 10961 | Lair:2   | Reached skill level 11 in Shields
 10973 | Lair:2   | Reached skill level 11 in Fighting
 11682 | Lair:3   | Found a staircase to the Swamp.
 11733 | Lair:3   | Reached skill level 11 in Armour
 11735 | Lair:3   | Reached skill level 1 in Throwing
 11811 | Lair:3   | Noticed a catoblepas
 11823 | Lair:3   | Killed a catoblepas
 11858 | Lair:3   | Reached skill level 1 in Air Magic
 12150 | Lair:3   | Reached skill level 15 in Axes
 12152 | Lair:3   | Reached skill level 2 in Throwing
 12314 | Lair:3   | Reached skill level 2 in Air Magic
 12856 | Lair:4   | Reached skill level 3 in Throwing
 12880 | Lair:4   | Noticed a death yak
 12881 | Lair:4   | Noticed a death yak
 12881 | Lair:4   | Noticed a death yak
 12885 | Lair:4   | Killed a death yak
 12894 | Lair:4   | Killed a death yak
 12902 | Lair:4   | Killed a death yak
 12902 | Lair:4   | Received a gift from Okawaru
 13105 | Lair:4   | Reached XP level 13. HP: 81/117 MP: 15/15
 13335 | Lair:4   | Reached skill level 12 in Fighting
 13335 | Lair:4   | Reached skill level 16 in Axes
 13348 | Lair:3   | Reached skill level 12 in Shields
 13348 | Lair:3   | Reached skill level 3 in Air Magic
 13651 | Lair:4   | Reached skill level 4 in Throwing
 13651 | Lair:4   | Reached skill level 12 in Armour
 13873 | Lair:4   | You pick up a book of Changes and begin reading...
 13873 | Lair:4   | You add the spells Beastly Appendage, Wereblood and Spider
                  | Form to your library.
 14085 | Lair:4   | Identified the scarf "Roprighi" {*Corrode rElec rC+ Dex+3}
                  | (Okawaru gifted it to you on level 4 of the Lair of Beasts)
 14085 | Lair:4   | Received a gift from Okawaru
 14156 | Lair:4   | Noticed Nessos
 14170 | Lair:4   | Killed Nessos
 14323 | Lair:4   | Found a staircase to the Slime Pits.
 14845 | D:1      | Bought a scroll of acquirement for 676 gold pieces
 14845 | D:1      | Acquired a +3 executioner's axe of flaming
 14846 | D:1      | G - a +3 executioner's axe of flaming {axerare=g}
 14854 | D:1      | your +3 executioner's axe of flaming {axerare=g} bursts
                  | into flame!
 14854 | D:1      | G - a +3 executioner's axe of flaming (weapon) {axerare=g}
 15109 | Lair:5   | Entered Level 5 of the Lair of Beasts
 15157 | Lair:5   | HP: 24/119 [black mamba (11)]
 15428 | Lair:5   | Reached skill level 5 in Throwing
 15866 | Lair:5   | Reached skill level 17 in Axes
 16727 | D:8      | Gained mutation: You are vulnerable to heat. (rF-) [potion
                  | of mutation]
 16727 | D:8      | Gained mutation: You are partially covered in iridescent
                  | scales. (AC +2) [potion of mutation]
 16728 | D:8      | Lost mutation: You are partially covered in iridescent
                  | scales. (AC +2) [potion of mutation]
 16728 | D:8      | Lost mutation: You are vulnerable to heat. (rF-) [potion of
                  | mutation]
 16728 | D:8      | Gained mutation: You are partially covered in iridescent
                  | scales. (AC +2) [potion of mutation]
 16728 | D:8      | Gained mutation: You occasionally shout uncontrollably at
                  | your foes. [potion of mutation]
 16781 | D:9      | Found a bloodstained altar of Trog.
 16836 | D:9      | your +3 executioner's axe of flaming {axerare=g} stops
                  | flaming.
 16904 | D:9      | Found Gontomoc's Magic Scroll Shoppe.
 16966 | D:9      | Bought a scroll of enchant armour for 90 gold pieces
 17147 | D:9      | Found Muopouhy's Antique Armour Emporium.
 17160 | D:9      | Noticed Grum
 17172 | D:9      | Reached XP level 14. HP: 115/127 MP: 16/16
 17188 | D:9      | Killed Grum
 17253 | D:9      | Found Seysok's Book Emporium.
 17268 | D:9      | Identified the +8 long sword of the Heart {freeze, rF++}
 17759 | D:10     | Entered Level 10 of the Dungeon
 17798 | D:10     | Found Bamitseo's Antique Weapon Shoppe.
 17858 | D:10     | Received a gift from Okawaru
 17919 | D:10     | Found a hide-covered altar of Uskayaw.
 18040 | D:10     | Reached skill level 13 in Fighting
 18137 | D:10     | Reached skill level 6 in Throwing
 18348 | D:10     | Reached skill level 13 in Shields
 18351 | D:10     | Reached skill level 13 in Armour
 18773 | D:10     | You pick up a book of the Hunter and begin reading...
 18773 | D:10     | You add the spells Portal Projectile and Leda's
                  | Liquefaction to your library.
 19176 | D:11     | Noticed Erolcha
 19205 | D:11     | Killed Erolcha
 19326 | D:11     | You pick up a book of Burglary and begin reading...
 19383 | D:11     | Found a staircase to the Orcish Mines.
 19848 | D:11     | Noticed Snorg
 19856 | D:11     | Killed Snorg
 19856 | D:11     | Received a gift from Okawaru
 19857 | D:11     | Reached skill level 18 in Axes
 20219 | D:12     | You pick up a book of Minor Magic and begin reading...
 20219 | D:12     | You add the spells Magic Dart and Mephitic Cloud to your
                  | library.
 20315 | D:12     | Found a portal to a secret trove of treasure.
 20714 | D:12     | This trove needs +2 fire dragon scales to function. Give it
                  | the item?
 20747 | Orc:1    | Entered Level 1 of the Orcish Mines
 20747 | Orc:1    | Noticed Fannar
 20753 | Orc:1    | Killed Fannar
 20881 | Orc:1    | Found Xailom's Weapon Shoppe.
 21125 | Orc:1    | Noticed an orc warlord
 21156 | Orc:1    | Killed an orc warlord
 21157 | Orc:1    | Reached skill level 7 in Throwing
 21607 | Orc:1    | You pick up a book of Minor Magic and begin reading...
 21609 | Orc:1    | You pick up a book of Minor Magic and begin reading...
 21617 | Orc:1    | Identified the +1 robe of Sandy the Leaf {-Tele MP+9 Str+3
                  | Stlth+}
 21839 | Orc:2    | Entered Level 2 of the Orcish Mines
 21839 | Orc:2    | Found a staircase to the Elven Halls.
 21860 | Orc:2    | Identified a +1 robe of the Archmagi
 22207 | Orc:1    | HP: 22/130 [orc warrior/+0 mace (15)]
 22210 | Orc:1    | Received a gift from Okawaru
 22212 | Orc:1    | HP: 17/130 [orc warrior/+0 mace (6)]
 22640 | Orc:2    | Reached skill level 6 in Invocations
 22939 | Orc:2    | Found Poutus's Distillery.
 22990 | Orc:2    | Found Kups's Antique Armour Shop.
 22990 | Orc:2    | Found Oxker's Book Emporium.
 22992 | Orc:2    | Found Cirheg's Antique Armour Shoppe.
 22994 | Orc:2    | Found Byafus's Armour Boutique.
 23006 | Orc:2    | Bought the +3 warlock's mirror {omnireflect} for 440 gold
                  | pieces
 23006 | Orc:2    | Found the +3 warlock's mirror {omnireflect}
 23163 | Orc:1    | Noticed Erica
 23179 | Orc:1    | Killed Erica
 23252 | Orc:1    | Identified the +5 hand axe "Miarexit" {drain, rPois rC+ rN+
                  | Str-3} (Okawaru gifted it to you on level 1 of the Orcish
                  | Mines)
 23252 | Orc:1    | Received a gift from Okawaru
 23596 | D:13     | Found Fearu's Book Emporium.
 23797 | D:13     | Reached skill level 14 in Fighting
 23797 | D:13     | Reached skill level 14 in Armour
 23831 | D:13     | Reached skill level 14 in Shields
 23831 | D:13     | Reached XP level 15. HP: 132/138 MP: 1/18
 24035 | D:13     | Found a radiant altar of Vehumet.
 24037 | D:13     | Found a shimmering altar of Xom.
 24038 | D:13     | Found a shimmering blue altar of Sif Muna.
 24038 | D:13     | Found a basalt altar of Yredelemnul.
 24252 | D:13     | Found the +5 Lochaber axe {reach-cleave, Poleaxe Drain}
 24383 | D:13     | You pick up a book of Iron and begin reading...
 24400 | D:13     | You pick up a book of Blood and begin reading...
 24473 | D:13     | Reached skill level 8 in Throwing
 24715 | D:13     | Acquired 606 gold pieces
 24732 | D:13     | Found a radiant altar of Vehumet.
 24808 | D:13     | Identified a potion of experience
 24808 | D:13     | Reached skill level 6 in Dodging
 24808 | D:13     | Reached XP level 16. HP: 81/146 MP: 20/20
 24942 | D:13     | Lost mutation: You occasionally shout uncontrollably at
                  | your foes. [potion of mutation]
 24942 | D:13     | Lost mutation: You are partially covered in iridescent
                  | scales. (AC +2) [potion of mutation]
 24942 | D:13     | Gained mutation: You expend magic power (3 MP) to
                  | strengthen your wands. [potion of mutation]
 24942 | D:13     | Gained mutation: You have sharp toenails. [potion of
                  | mutation]
 24942 | D:13     | Gained mutation: You sometimes lose your temper in combat.
                  | [potion of mutation]
 24942 | D:13     | Gained mutation: A frigid envelope surrounds you and
                  | freezes all who hurt you. [potion of mutation]
 24943 | D:13     | Lost mutation: You sometimes lose your temper in combat.
                  | [potion of mutation]
 24943 | D:13     | Lost mutation: You expend magic power (3 MP) to strengthen
                  | your wands. [potion of mutation]
 24943 | D:13     | Lost mutation: You have sharp toenails. [potion of
                  | mutation]
 24943 | D:13     | Gained mutation: Your skin changes colour to match your
                  | surroundings (Stealth+). [potion of mutation]
 24943 | D:13     | Gained mutation: You are partially covered in iridescent
                  | scales. (AC +2) [potion of mutation]
 24943 | D:13     | Gained mutation: You are mostly covered in iridescent
                  | scales. (AC +4) [potion of mutation]
 25253 | D:14     | Reached skill level 7 in Invocations
 25254 | D:14     | Found a gate to the Vaults.
 25841 | D:15     | Entered Level 15 of the Dungeon
 25881 | D:15     | Identified the +11 war axe "Deptugol" {drain, *Slow rElec
                  | rN+ Will+} (Okawaru gifted it to you on level 15 of the
                  | Dungeon)
 25881 | D:15     | Received a gift from Okawaru
 25903 | D:15     | Found Xevix's General Store.
 26259 | D:15     | Found a staircase to the Depths.
 26353 | D:15     | Identified the +5 chain mail of the New World {-Tele Harm
                  | rC++ Dex+3}
 26482 | Orc:2    | Bought a manual of Dodging for 960 gold pieces
 26643 | Swamp:1  | Entered Level 1 of the Swamp
 26702 | Swamp:1  | Identified Roxanne's Vellum of Shaping
 26702 | Swamp:1  | Noticed Roxanne
 27376 | Swamp:2  | Received a gift from Okawaru
 27507 | Swamp:2  | Paralysed by a hornet for 1 turns
 27511 | Swamp:2  | Received a gift from Okawaru
 27512 | Swamp:2  | Reached skill level 9 in Throwing
 27531 | Swamp:2  | You drop a +3 executioner's axe of flaming {axerare=g}.
 27609 | Swamp:2  | Reached skill level 15 in Armour
 27670 | Swamp:2  | G - a +3 executioner's axe of flaming {axerare=g}
 27687 | Swamp:2  | Reached skill level 15 in Fighting
 27687 | Swamp:2  | Reached skill level 15 in Shields
 27855 | Swamp:2  | Reached skill level 8 in Invocations
 28099 | Swamp:2  | You drop a +3 executioner's axe of flaming {axerare=g}.
 28144 | Swamp:2  | G - a +3 executioner's axe of flaming {axerare=g}
 28913 | Swamp:3  | Received a gift from Okawaru
 29069 | Swamp:3  | Reached XP level 17. HP: 156/156 MP: 19/22
 29223 | Swamp:4  | Entered Level 4 of the Swamp
 29376 | Swamp:4  | Received a gift from Okawaru
 29785 | Swamp:4  | Identified the +6 hand axe of Massacring {venom, rC- Str+4
                  | Dex+4} (Okawaru gifted it to you on level 4 of the Swamp)
 29785 | Swamp:4  | Received a gift from Okawaru
 29925 | Swamp:4  | HP: 33/157 [seven-headed hydra simulacrum (38)]
 29927 | Swamp:4  | HP: 16/157 [acid (2)]
 30266 | Swamp:4  | Reached skill level 9 in Invocations
 30267 | Swamp:4  | Reached skill level 10 in Throwing
 30902 | Swamp:4  | Noticed Kirke
 30911 | Swamp:4  | Killed Kirke
 30986 | Swamp:4  | You drop a +3 executioner's axe of flaming {axerare=g}.
 31446 | Swamp:4  | G - a +3 executioner's axe of flaming {axerare=g}
 31453 | Swamp:4  | your +3 executioner's axe of flaming {axerare=g} bursts
                  | into flame!
 31453 | Swamp:4  | G - a +3 executioner's axe of flaming (weapon) {axerare=g}
 31541 | Swamp:4  | Got a decaying rune of Zot
 31740 | Swamp:4  | Reached skill level 16 in Fighting
 31947 | Lair:3   | your +3 executioner's axe of flaming {axerare=g} stops
                  | flaming.
 31947 | Lair:3   | You drop a +3 executioner's axe of flaming {axerare=g}.
 31990 | Lair:3   | Identified the +0 scale mail of the Equinox {Fly Dex-3
                  | Stlth+}
 32000 | Lair:3   | You pick up a book of Transfigurations {@e2} and begin
                  | reading...
 32150 | Spider:1 | Entered Level 1 of the Spider Nest
 32183 | Spider:1 | Reached skill level 16 in Armour
 32183 | Spider:1 | Reached skill level 16 in Shields
 32691 | Spider:1 | Reached skill level 7 in Dodging
 32710 | Spider:1 | Identified the scarf "Pakhijur" {rPois Will+ Int+2}
                  | (Okawaru gifted it to you on level 1 of the Spider Nest)
 32710 | Spider:1 | Received a gift from Okawaru
 33195 | Spider:1 | You add the spells Blink, Manifold Assault and Storm Form
                  | to your library.
 34029 | Spider:2 | Reached skill level 8 in Dodging
 34103 | Spider:2 | Reached skill level 10 in Invocations
 34120 | Spider:2 | HP: 14/159 [wolf spider simulacrum (30)]
 34754 | Spider:2 | You fall into a shaft and drop 1 floor!
 34901 | Spider:3 | Reached skill level 9 in Dodging
 34914 | Spider:3 | Noticed Arachne
 34946 | Spider:3 | Killed Arachne
 34958 | Spider:3 | Reached XP level 18. HP: 116/168 MP: 0/24
 35203 | Spider:3 | Identified the +1 chain mail "Qoluqib" {-Cast +Blink rElec
                  | Will+} (Okawaru gifted it to you on level 3 of the Spider
                  | Nest)
 35203 | Spider:3 | Received a gift from Okawaru
 35850 | Spider:3 | Reached skill level 10 in Dodging
 36384 | Spider:3 | Reached skill level 17 in Fighting
 36701 | Spider:4 | Entered Level 4 of the Spider Nest
 36747 | Spider:4 | Reached skill level 17 in Armour
 36747 | Spider:4 | Reached skill level 17 in Shields
 36870 | Spider:4 | Noticed Mlioglotl
 36880 | Spider:4 | Killed Mlioglotl
 37618 | Spider:4 | Reached skill level 11 in Dodging
 37618 | Spider:4 | Reached skill level 11 in Invocations
 38104 | Spider:4 | Received a gift from Okawaru
 38791 | Spider:4 | Got a gossamer rune of Zot
 39135 | Slime:1  | Entered Level 1 of the Pits of Slime
 39145 | Slime:1  | Reached skill level 12 in Dodging
 39161 | Slime:1  | Received a gift from Okawaru
 39621 | Slime:3  | You are sucked into a shaft and drop 1 floor!
 39984 | Slime:5  | Entered Level 5 of the Pits of Slime
 40089 | Slime:5  | Reached XP level 19. HP: 144/179 MP: 16/26
 40173 | Slime:5  | Found a viscous altar of Jiyva.
 40173 | Slime:5  | Noticed the Royal Jelly
 40204 | Slime:5  | HP: 38/179 [acid blob (11)]
 40206 | Arena    | Entered the Arena
 40209 | Arena    | HP: 23/179 [rockslime[the Royal Jelly] (11)]
 40475 | Slime:5  | Reached skill level 13 in Dodging
 40478 | Slime:5  | HP: 37/179 [azure jelly[the Royal Jelly] (32)]
 40480 | Slime:4  | HP: 18/179 [azure jelly[the Royal Jelly] (5)]
 40481 | Slime:4  | Slain by an acid blob

Vanquished Creatures
  Arachne (Spider:3)
  Mlioglotl (Spider:4)
  8 acid blobs
  Kirke (Swamp:4)
  5 azure jellies
  2 thorn hunters (Swamp:4)
  4 rockslimes
  8 emperor scorpions
  4 ghost moths
  5 quicksilver oozes
  An orc warlord (Orc:1)
  4 broodmothers
  Nessos (Lair:4)
  4 eleionomae
  A spark wasp (Spider:4)
  Snorg (D:11)
  A bunyip (Swamp:3)
  4 entropy weavers
  3 shambling mangroves
  Erolcha (D:11)
  Fannar (Orc:1)
  A great orb of eyes (Slime:1)
  3 ice dragons (Swamp:4)
  2 jorogumos
  A radroach (Spider:2)
  5 ghost crabs
  4 catoblepae
  9 hydras
  Erica (Orc:1)
  8 centaur warriors
  5 boulder beetles
  7 two-headed ogres
  10 death yaks
  9 alligators
  2 tengu warriors
  An orc high priest (Orc:1)
  A skyshark (Lair:5)
  7 goliath frogs
  2 sun moths
  A fire crab (shapeshifter) (D:15)
  6 pharaoh ants
  3 spriggan druids
  3 swamp dragons (Swamp:2)
  6 bog bodies
  A wizard (D:14)
  8 steelbarb worms
  12 orb spiders
  2 lindwurms
  A deep elf zephyrmancer (Orc:1)
  A necromancer (D:15)
  2 orc knights
  5 will-o-the-wisps
  4 deep elf pyromancers
  2 ugly things
  25 wolf spiders
  5 cyclopes
  A shining eye (Slime:5)
  2 orc sorcerers
  2 moths of wrath (Spider:3)
  4 manticores
  A centaur zombie (D:15)
  10 elephants
  8 black mambas
  3 naga magi (D:15)
  An ice statue (Lair:3)
  5 demonic crawlers
  11 cane toads
  An eye of devastation (Slime:1)
  2 torpor snails
  A gargoyle (D:10)
  2 centaur skeletons (D:15)
  2 rime drakes (Lair:1)
  A yaktaur (shapeshifter) (D:13)
  5 komodo dragons
  2 yaktaurs (D:13)
  5 freezing wraiths
  7 trolls
  4 meliai
  3 tengu conjurers
  6 tyrant leeches
  45 blink frogs
  7 polar bears
  A polar bear (shapeshifter) (D:13)
  20 hornets
  26 tarantellas
  7 dream sheep (Lair:5)
  Prince Ribbit (D:7)
  42 jumping spiders
  25 slime creatures
  15 culicivoras
  9 spriggans
  2 centaur simulacra
  2 wraiths (D:13)
  5 wyverns
  44 yaks
  A steam dragon (D:9)
  A hog (Swamp:4)
  5 basilisks
  Grum (D:9)
  An unseen horror simulacrum (D:10)
  76 redbacks
  6 vampire mosquitoes
  Menkaure (D:7)
  3 swamp worm simulacra (Swamp:4)
  12 swamp worms
  2 wargs (Orc:1)
  A naga (shapeshifter) (D:13)
  8 water moccasins
  An acid dragon (D:14)
  14 hydra simulacra (Swamp:4)
  Duvessa (D:7)
  36 orc warriors
  11 ice beasts
  3 swamp drakes
  2 black bears
  A sky beast (D:6)
  17 wolves
  4 ogres
  19 centaurs
  A phantom (D:5)
  5 kobold brigands
  13 bullfrogs
  2 gnoll sergeants
  14 scorpions
  Dowan (D:7)
  6 electric eels
  2 howler monkeys
  A crimson imp (Orc:1)
  A jelly (D:6)
  Crazy Yiuf (D:2)
  A gnoll bouda (Orc:1)
  3 hounds
  13 orc priests
  An iron imp (Orc:1)
  A sleepcap (D:8)
  Jessica (D:2)
  15 orc wizards
  7 hell rats
  6 iguanas
  A statue (D:13)
  20 gnolls
  6 adders
  9 river rats (Lair:1)
  A shadow imp (Orc:1)
  10 white imps
  5 swamp drake simulacra (Swamp:4)
  4 ufetubi
  3 worms
  87 orcs
  11 ball pythons
  10 endoplasms
  7 giant cockroaches
  41 goblins
  32 hobgoblins
  2 jackals (D:3)
  5 quokkas
  3 bats (D:1)
  3 frilled lizards
  35 kobolds
  3 rats
  A spectral orc (D:6)
1187 creatures vanquished.

Vanquished Creatures (others)
  A radroach (Spider:3)
  A bloated husk (Swamp:3)
  4 hogs (Swamp:4)
  An orc priest (Orc:1)
  An orc (Orc:2)
  A kobold (D:9)
  3 briar patches (Swamp:4)
  16 foxfires
  20 fungi
  31 plants
  4 toadstools (Lair:1)
83 creatures vanquished.

Grand Total: 1270 creatures vanquished

Table legend:
 A = Non-vault XP
 B = Vault XP
 C = Vault XP percentage of total XP
 D = Non-vault monster count
 E = Vault monster count
 F = Vault count percentage of total count
                 A         B        C        D         E       F
            +---------+---------+-------+---------+---------+-------
      Total |  233003 |   94700 |  28.9 |     826 |     357 |  30.2
            +---------+---------+-------+---------+---------+-------
        D:1 |      64 |       3 |   4.5 |      29 |       2 |   6.5
        D:2 |      34 |      81 |  70.4 |      15 |       2 |  11.8
        D:3 |     249 |       0 |   0.0 |      26 |       0 |   0.0
        D:4 |     226 |     164 |  42.1 |      26 |      60 |  69.8
        D:5 |    1015 |     128 |  11.2 |      24 |       1 |   4.0
        D:6 |     493 |       1 |   0.2 |      12 |       1 |   7.7
        D:7 |    1640 |     743 |  31.2 |      27 |       7 |  20.6
        D:8 |     470 |       0 |   0.0 |      15 |       0 |   0.0
        D:9 |    1055 |    1000 |  48.7 |      10 |       9 |  47.4
       D:10 |    4812 |    3841 |  44.4 |      30 |      22 |  42.3
       D:11 |    5490 |    1853 |  25.2 |      16 |       2 |  11.1
       D:12 |    3508 |       0 |   0.0 |      20 |       0 |   0.0
       D:13 |    5542 |    9833 |  64.0 |      22 |      22 |  50.0
       D:14 |    3179 |    2088 |  39.6 |       5 |       4 |  44.4
       D:15 |    4099 |    3866 |  48.5 |       8 |       8 |  50.0
     Lair:1 |    7550 |    3936 |  34.3 |      34 |      20 |  37.0
     Lair:2 |    8955 |     568 |   6.0 |      35 |       8 |  18.6
     Lair:3 |    8801 |    2178 |  19.8 |      32 |      12 |  27.3
     Lair:4 |   13412 |    3193 |  19.2 |      32 |       5 |  13.5
     Lair:5 |   10098 |       0 |   0.0 |      27 |       0 |   0.0
    Swamp:1 |    9219 |       0 |   0.0 |      17 |       0 |   0.0
    Swamp:2 |   14113 |       0 |   0.0 |      33 |       0 |   0.0
    Swamp:3 |   12439 |       0 |   0.0 |      26 |       0 |   0.0
    Swamp:4 |   17768 |    9743 |  35.4 |      22 |      32 |  59.3
   Spider:1 |   18745 |     260 |   1.4 |      51 |       1 |   1.9
   Spider:2 |   12243 |       0 |   0.0 |      33 |       0 |   0.0
   Spider:3 |   17380 |   15207 |  46.7 |      46 |      33 |  41.8
   Spider:4 |   19093 |   22070 |  53.6 |      46 |      46 |  50.0
    Slime:1 |    8489 |       0 |   0.0 |      12 |       0 |   0.0
    Slime:2 |    5064 |       0 |   0.0 |       9 |       0 |   0.0
    Slime:4 |    8233 |       0 |   0.0 |      12 |       0 |   0.0
    Slime:5 |    3352 |    5563 |  62.4 |       5 |       6 |  54.5
      Orc:1 |    4668 |    5758 |  55.2 |      46 |      29 |  38.7
      Orc:2 |    1505 |    2623 |  63.5 |      23 |      25 |  52.1
            +---------+---------+-------+---------+---------+-------

Illustrated notes

Table legend:
 A = Kills in this place as a percentage of kills in the entire game.
 B = Kills by you in this place as a percentage of kills by you in the entire game.
 C = Kills by friends in this place as a percentage of kills by friends in the entire game.
 D = Other kills in this place as a percentage of other kills in the entire game.
 E = Experience gained in this place as a percentage of experience gained in the entire game.
 F = Experience gained in this place divided by the number of levels of this place that you have seen.
                   A       B       C       D       E      F
               +-------+-------+-------+-------+-------+----------------------
         Total | 100.0 | 100.0 |   N/A | 100.0 | 100.0 | 8856.8
       Dungeon |  35.9 |  36.0 |   N/A |   0.0 |  16.9 | 3698.5
          Lair |  17.3 |  17.3 |   N/A |   0.0 |  17.9 | 11738.2
         Swamp |  11.0 |  11.0 |   N/A |   0.0 |  19.3 | 15820.5
   Spider Nest |  21.6 |  21.6 |   N/A | 100.0 |  32.0 | 26249.5
    Slime Pits |   3.7 |   3.7 |   N/A |   0.0 |   9.4 | 6140.2
  Orcish Mines |  10.4 |  10.4 |   N/A |   0.0 |   4.4 | 7277.0
               +-------+-------+-------+-------+-------+----------------------

Table legend: (Time is in decaauts)
 A = Elapsed time spent in this place.
 B = Non-inter-level travel time spent in this place.
 C = Inter-level travel time spent in this place.
 D = Time resting spent in this place.
 E = Time spent auto-exploring this place.
 F = Levels seen in this place.
 G = Mean time per level.
                   A        B        C        D        E       F      G
               +--------+--------+--------+--------+--------+-----+--------+
         Total |  40586 |  38186 |   2400 |   3818 |  27032 |  37 | 1096.9 |
       Dungeon |  15269 |  14137 |   1132 |    209 |  11437 |  15 | 1017.9 |
        Temple |    232 |    221 |     11 |      0 |    209 |   1 |  232.0 |
          Lair |   8714 |   8076 |    638 |    457 |   5936 |   5 | 1742.8 |
         Swamp |   5442 |   5310 |    132 |   1284 |   2845 |   4 | 1360.5 |
   Spider Nest |   6787 |   6455 |    332 |    553 |   4847 |   4 | 1696.8 |
    Slime Pits |   1281 |   1281 |      0 |    565 |    193 |   5 |  256.2 |
  Orcish Mines |   2826 |   2673 |    153 |    732 |   1563 |   2 | 1413.0 |
         Arena |     31 |     31 |      0 |     17 |      0 |   1 |   31.0 |
               +--------+--------+--------+--------+--------+-----+--------+

Top non-repeatable levels by time:
   Orc:1: 2285 daAuts
Spider:4: 2204 daAuts
  Lair:1: 2110 daAuts
  Lair:2: 2083 daAuts
 Swamp:4: 2064 daAuts
Spider:1: 1978 daAuts
Spider:3: 1937 daAuts
  Lair:4: 1673 daAuts
  Lair:3: 1672 daAuts
    D:13: 1614 daAuts
     D:4: 1526 daAuts
 Swamp:3: 1380 daAuts
     D:7: 1356 daAuts
    D:10: 1333 daAuts
     D:6: 1179 daAuts
